 Dungeon Crawl Stone Soup version 0.31-a0-188-g5e087ee2ca (webtiles) character file.

Game seed: 10756768909115948441

1395393 ragingrage the Acrobat (level 25, 206/206 HPs)
             Began as a Deep Elf Hunter on June 23, 2023.
             Was an Initiate of Gozag.
             Escaped with the Orb
             ... and 3 runes!
             The game lasted 02:44:08 (99471 turns).

ragingrage the Acrobat (Deep Elf Hunter)           Turns: 99471, Time: 02:44:08

Health: 206/206    AC: 48    Str: 11    XL:     25   Next: 60%
Magic:  35/49      EV: 33    Int: 33    God:    Gozag
Gold:   6273       SH: 16    Dex: 25    Spells: 4/64 levels left

rFire   + + +        b - +3 Elemental Staff {rElec rF+ rC+ AC+3}
rCold   + + +        a - +1 kite shield {AC+3}
rNeg    + + .        M - melded +2 robe {Archmagi}
rPois   ∞            s - +0 helmet
rElec   +            d - +1 cloak {Will+}
rCorr   .            D - melded +2 pair of gloves {infuse}
SInv    +            J - melded +0 pair of boots of the Swamp {Rampage Regen+ Str+3}
Will    ++++.        Z - macabre finger necklace {Finger+ rN+}
Stlth   ++           S - ring of Baroakib {rF+ AC+4 Int+3}
HPRegen 0.54/turn    T - ring of Ruunat {Int+2 SInv}
MPRegen 0.31/turn    I - ring "Voum" {Drain rC+++ Will+ Dex+7 Slay-2}

%: no passive effects
@: statue-form, studying Ranged Weapons, very slow
A: slow and powerful, torment resistance 1, boosted hp, clever 1, fire
resistance 1, strong 1
0: Orb of Zot
}: 3/15 runes: barnacled, silver, gossamer
a: End Transformation, Renounce Religion, Potion Petition, Call Merchant, Bribe
Branch


You escaped.
You worshipped Gozag.
Gozag was greatly pleased with you.
You were a living statue of rough stone.
You visited 10 branches of the dungeon, and saw 48 of its levels.
You also visited: Trove.

You collected 29261 gold pieces.
You spent 5218 gold pieces at shops.
You paid 17770 gold pieces to Gozag.

Inventory:

Hand Weapons
 b - the +3 Elemental Staff (weapon) {rElec rF+ rC+ AC+3}
   (You acquired it on level 3 of the Lair of Beasts)

   It enhances your fire, ice, earth and air magic.
   AC:        It affects your AC (+3).
   rF:        It protects you from fire.
   rC:        It protects you from cold.
   rElec:     It insulates you from electricity.
Missiles
 X - 6 throwing nets
Armour
 a - a +1 kite shield of protection (worn)
 d - a +1 cloak of willpower (worn)
 s - a +0 helmet (worn)
 D - a +2 pair of gloves of infusion (melded)
 J - the +0 pair of boots of the Swamp (melded) {Rampage Regen+ Str+3}
   (You acquired it on level 9 of the Dungeon)

   Str:       It affects your strength (+3).
   Regen:     It increases your rate of health regeneration.
   Rampage:   It bestows one free step when moving towards enemies.
 M - a +2 robe of the Archmagi (melded)
Jewellery
 I - the ring "Voum" (on amulet) {Drain rC+++ Will+ Dex+7 Slay-2}
   (You acquired it on level 9 of the Dungeon)

   [ring of willpower]

   Dex:       It affects your dexterity (+7).
   Slay:      It affects your accuracy & damage with ranged weapons and melee
   (-2).
   rC:        It renders you almost immune to cold.
   Drain:     It drains your maximum health when unequipped.
   Will:      It increases your willpower.
 S - the ring of Baroakib (left fist) {rF+ AC+4 Int+3}
   (You found it on level 5 of the Lair of Beasts)

   [ring of protection]

   AC:        It affects your AC (+4).
   Int:       It affects your intelligence (+3).
   rF:        It protects you from fire.
 T - the ring of Ruunat (right fist) {Int+2 SInv}
   (You bought it in a shop on level 2 of the Orcish Mines)

   [ring of see invisible]

   Int:       It affects your intelligence (+2).
   SInv:      It lets you see invisible.
 V - an amulet of magic regeneration
 Z - the macabre finger necklace (around neck) {Finger+ rN+}
   (You took it off a deep elf master archer on level 3 of the Elven Halls)

   [amulet of nothing]

   Finger+:   It enables you to equip an extra ring.
   rN:        It protects you from negative energy.
Wands
 e - a wand of flame (27)
 o - a wand of digging (18)
 A - a wand of charming (48)
 B - a wand of roots (53)
 K - a wand of light (67)
 U - a wand of mindburst (9)
 W - a wand of polymorph (23)
Scrolls
 c - 14 scrolls of blinking
 f - 5 scrolls of summoning
 g - 11 scrolls of fog
 h - 14 scrolls of teleportation
 i - 4 scrolls of vulnerability
 k - 8 scrolls of fear
 n - 3 scrolls of torment
 q - 7 scrolls of revelation
 r - 16 scrolls of poison
 v - 17 scrolls of immolation
 L - 10 scrolls of amnesia
 Y - 4 scrolls of silence
Potions
 j - 8 potions of magic
 m - 7 potions of brilliance
 p - 22 potions of curing
 u - 17 potions of heal wounds
 w - 8 potions of haste
 x - 3 potions of invisibility
 z - 12 potions of lignification
 C - 4 potions of attraction
 F - 8 potions of might
 G - 7 potions of berserk rage
 H - 10 potions of mutation
 N - 5 potions of cancellation
 P - 2 potions of enlightenment
 Q - 3 potions of resistance
 R - 5 potions of ambrosia
Miscellaneous
 l - a condenser vane
 t - a box of beasts
 y - a phial of floods
 E - a phantom mirror
 O - a lightning rod (4/4)


   Skills:
 + Level 16.6 Fighting
 - Level 12.0 Staves
 - Level 9.0 Ranged Weapons
 - Level 23.2 Dodging
 - Level 9.0 Stealth
 + Level 13.8 Shields
 - Level 20.0 Spellcasting
 - Level 19.0 Conjurations
 - Level 14.0 Summonings
 - Level 4.0 Translocations
 - Level 10.0 Transmutations
 - Level 8.4 Ice Magic
 - Level 6.0 Air Magic
 - Level 14.0 Earth Magic
 - Level 2.0 Poison Magic
 - Level 16.0 Evocations


You had 4 spell levels left.
You knew the following spells:

 Your Spells              Type           Power      Damage    Failure   Level
a - Statue Form           Tmut/Erth      70%        N/A       2%          6
b - Spellforged Servitor  Conj/Summ      48%        N/A       2%          7
c - Wereblood             Tmut           78%        N/A       1%          2
d - Stone Arrow           Conj/Erth      100%       3d13      0%          3
e - Irradiate             Conj/Tmut      45%        3d26      1%          5
f - Lee's Rapid Deconstr  Erth           56%        3d26*     1%          5
g - Passwall              Tmut/Erth      88%        N/A       1%          2
h - Blink                 Tloc           100%       N/A       1%          2
i - Vhi's Electric Charg  Tloc/Air       100%       N/A       1%          3
j - Freezing Cloud        Conj/Ice/Air   63%        6-21      1%          5
k - Arcjolt               Conj/Air       53%        1d63      1%          5
l - Iskenderun's Battles  Conj           100%       2d15      1%          5
m - Swiftness             Air            83%        N/A       1%          3
n - Apportation           Tloc           100%       N/A       1%          1
o - Leda's Unmaking       Conj/Erth      59%        9d10      1%          6

Your spell library contained the following spells:

 Spells                   Type           Power      Damage    Failure   Level
 Magic Dart               Conj           100%       1d8       0%          1
 Sandblast                Erth           100%       2d20      0%          1
 Shock                    Conj/Air       100%       1d9       0%          1
 Summon Small Mammal      Summ           100%       N/A       0%          1
 Call Imp                 Summ           100%       N/A       0%          2
 Searing Ray              Conj           100%       2d8       0%          2
 Beastly Appendage        Tmut           100%       N/A       1%          1
 Freeze                   Ice            100%       1d10      1%          1
 Kiss of Death            Conj/Necr      100%       2d13      1%          1
 Sting                    Tmut/Pois      100%       1d8       1%          1
 Ensorcelled Hibernation  Hex/Ice        100%       N/A       1%          2
 Lesser Beckoning         Tloc           100%       N/A       1%          2
 Momentum Strike          Conj/Tloc      100%       3d10      1%          2
 Poisonous Vapours        Pois/Air       100%       N/A       1%          2
 Static Discharge         Conj/Air       100%       2-7/arc   1%          2
 Call Canine Familiar     Summ           90%        N/A       1%          3
 Dazzling Flash           Conj/Hex       100%       N/A       1%          3
 Frozen Ramparts          Ice            100%       1d16      1%          3
 Hailstorm                Conj/Ice       100%       3d20      1%          3
 Mephitic Cloud           Conj/Pois/Air  95%        N/A       1%          3
 Ozocubu's Armour         Ice            93%        N/A       1%          3
 Spider Form              Tmut/Pois      64%        N/A       1%          3
 Summon Guardian Golem    Hex/Summ       68%        N/A       1%          3
 Airstrike                Air            41%        2d(6-22)  1%          4
 Animate Armour           Summ/Erth      100%       N/A       1%          4
 Flame Wave               Conj/Fire      97%        2d20      1%          4
 Fulminant Prism          Conj/Hex       38%        3d17      1%          4
 Ice Form                 Ice/Tmut       96%        N/A       1%          4
 Iskenderun's Mystic Bla  Conj/Tloc      83%        2d16      1%          4
 Leda's Liquefaction      Hex/Erth       43%        N/A       1%          4
 Petrify                  Tmut/Erth      100%       N/A       1%          4
 Sticky Flame             Conj/Fire      97%        2d11      1%          4
 Summon Lightning Spire   Summ/Air       99%        N/A       1%          4
 Portal Projectile        Hex/Tloc       92%        N/A       3%          3
 Manifold Assault         Tloc           56%        N/A       4%          4
 Confusing Touch          Hex            33%        N/A       7%          3
 Inner Flame              Hex/Fire       49%        N/A       7%          3
 Tukima's Dance           Hex            33%        N/A       7%          3
 Olgreb's Toxic Radiance  Pois           46%        N/A       10%         4
 Anguish                  Hex/Necr       16%        N/A       22%         4
 Dispel Undead            Necr           33%        3d14      22%         4
 Blade Hands              Tmut           39%        N/A       1%          5
 Summon Forest            Summ/Tloc      37%        N/A       1%          5
 Conjure Ball Lightning   Conj/Air       53%        3x3d18    1%          6
 Summon Cactus Giant      Summ           45%        N/A       1%          6
 Summon Mana Viper        Hex/Summ       68%        N/A       3%          5
 Alistair's Intoxication  Tmut/Pois      42%        N/A       5%          5
 Metabolic Englaciation   Hex/Ice        37%        N/A       11%         5
 Lehudib's Crystal Spear  Conj/Erth      59%        10d14     17%         8
 Silence                  Hex/Air        34%        N/A       19%         5
 Eringya's Noxious Bog    Tmut/Pois      32%        N/A       28%         6
 Agony                    Necr           33%        N/A       52%         5
 Ozocubu's Refrigeration  Ice            46%        4d17      52%         7
 Dispersal                Tloc           28%        N/A       54%         6
 Storm Form               Tmut/Air       45%        N/A       56%         7
 Plasma Beam              Fire/Air       43%        2x1d57    69%         6
 Disjunction              Tloc           28%        N/A       100%        8
 Maxwell's Capacitive Co  Air            41%        ∞         100%        8
 Simulacrum               Ice/Necr       Unusable   N/A       N/A         6

Dungeon Overview and Level Annotations

Branches:
Dungeon (15/15)            Temple (1/1) D:5            Lair (5/5) D:11
 Shoals (4/4) Lair:2       Spider (4/4) Lair:3        Slime (0/5) Lair:4
    Orc (2/2) D:11            Elf (3/3) Orc:2        Vaults (5/5) D:14
  Crypt (0/3) Vaults:2     Depths (4/4) D:15            Zot (5/5) Depths:4

Altars:
Ashenzari
Cheibriados
Dithmenos
Elyvilon
Fedhas
Gozag
Hepliaklqana
Kikubaaqudgha
Makhleb
Nemelex Xobeh
Okawaru
Qazlal
Ru
Sif Muna
Trog
Uskayaw
Vehumet
Wu Jian
Xom
Yredelemnul
Zin
The Shining One
Lugonu

Shops:
D:10 [   D:15 !   Orc:1 *   Orc:2 ?[*(=   Elf:1 *   Shoals:2 *[*(   Vaults:2 =
Vaults:5 [   Depths:4 [:

Portals:
Hell: Depths:1 Depths:2 Depths:3 Depths:4
Abyss: Depths:1 Depths:3
Pandemonium: Depths:1 Depths:2 Depths:3
Ziggurat: Depths:1

Annotations:
D:4 exclusion: downstairs
D:8 !Wizard, bakla's ghost, novice OgHW
D:10 exclusions: downstairs and 2 more exclusions
Spider:1 1 runed translucent door, liarliar's ghost, adept SpHu
Elf:1 1 runed translucent door
Elf:2 3 runed translucent doors
Vaults:1 3 runed translucent doors, promet's ghost, adept MiFi
Depths:1 1 runed translucent door, Rofut's ghost, adept AtIE


Innate Abilities, Weirdness & Mutations

You are a living statue of rough stone.
Your actions are slow, but your melee attacks are powerful.
You are resistant to unholy torment.
Your maximum health is greatly increased.
You are immune to poison.
Your equipment is partially melded.
Your mind is acute. (Int +4, Str/Dex -1)
Your flesh is heat resistant. (rF+)
Your muscles are strong. (Str +4, Int/Dex -1)


Message History

You kill the hell hog!
You now have 6273 gold pieces (gained 9).
Casting: Arcjolt (mildly dangerous; 1% risk of failure)
You can't see any susceptible monsters within range! (Use Z to cast anyway.) Unknown command.
There is a stone staircase leading up here.
You start resting.
A smoke demon comes into view.
You climb upwards.
There is a stone staircase leading down here.
(D) Dungeon (T) Temple (L) Lair (A) Shoals (N) Spider Nest (M) Slime Pits (O) Orcish Mines (E) Elven Halls (V) Vaults (C) Crypt (U) Depths (H) Hell (Z) Zot
Where to? (Enter - D:1 @ (x,y), ? - help)
What level of the Dungeon? (default 1, ? - help)
An Orb Guardian comes into view.
Casting: Arcjolt (mildly dangerous; 1% risk of failure)
You feel a strong surge of power!
You turn into a living statue of rough stone.
Your +2 pair of gloves of infusion melds into your body.
The +0 pair of boots of the Swamp {Rampage Regen+ Str+3} melds into your body.
Your +2 robe of the Archmagi melds into your body.
You feel magic leave your hands.
You feel strangely numb.
You feel a surge of power!
The entropic shot hits the Orb Guardian!!!
You block the Orb Guardian's attack.
You feel a surge of power!
The entropic shot hits the Orb Guardian!!!
The Orb Guardian dissolves into a mush of mud and gold!
You kill the Orb Guardian!
You can't see any susceptible monsters within range! (Use Z to cast anyway.)
You can't see any susceptible monsters within range! (Use Z to cast anyway.)
(D) Dungeon (T) Temple (L) Lair (A) Shoals (N) Spider Nest (M) Slime Pits (O) Orcish Mines (E) Elven Halls (V) Vaults (C) Crypt (U) Depths (H) Hell (Z) Zot
Where to? (Enter - D:1 @ (x,y), ? - help)
There is a staircase leading out of the dungeon here.
You have escaped!

.........#
#.##......
.....#####
#.######.. .....##
#......... ......#
#####.##~. ......#
##.##.. ##....#
###...).. ##....#
#....#... ......#
##### #.#..##..
...^..# #8#.####
#.#..##.. ......#
##.....# #.#......
......#
##.##.####.#..####
###.###
#.###..#..##..# #
#.#
#.####..####..####
#.# #..# #.##
#...... #.# ##.#
#.# #..#### #.#
##.###.#####......
###.#
#...#...'.##.###..


There were no monsters in sight!

Vanquished Creatures
  An ancient lich (Vaults:4)
  2 dread liches
  Mara (Vaults:2)
  A juggernaut (Depths:3)
  Sojobo (Depths:4)
  A Killer Klown (Zot:2)
  4 curse toes
  Xtahua (Vaults:4)
  10 golden dragons
  the Enchantress (Depths:2)
  Nikola (Shoals:2)
  Arachne (Spider:3)
  An electric golem (Zot:1)
  A walking earthen tome (Depths:3)
  Zenata (Elf:1)
  14 tentacled monstrosities
  4 liches
  2 Ice Fiends
  A walking divine tome (Depths:3)
  A deep elf master archer (Elf:3)
  4 titans
  3 Orb Guardians
  4 quicksilver dragons
  An Executioner (D:3)
  A kraken (Shoals:4)
  7 sphinxes
  6 death cobs
  The ghost of pokeman the Sorcerer, an adept DEHW of Vehumet (Elf:1)
  4 shadow dragons
  Agnes (Spider:3)
  9 storm dragons
  2 draconian monks
  10 tengu reavers
  Roxanne (D:15)
  2 draconian knights
  8 fire giants
  4 frost giants
  3 deep elf sorcerers
  9 vault wardens
  An iron dragon (Depths:4)
  4 ghost moths
  7 draconian scorchers
  Aizul (Shoals:2)
  3 deep elf elementalists (Elf:3)
  3 draconian shifters
  8 emperor scorpions
  A broodmother (shapeshifter) (Vaults:5)
  3 draconian annihilators
  A broodmother (Spider:2)
  2 draconian stormcallers
  9 stone giants
  A reaper (D:10)
  5 orc warlords
  6 spriggan defenders
  3 formless jellyfish
  5 ironbound thunderhulks
  A war gargoyle (Vaults:5)
  30 very ugly things
  3 vampire knights
  15 ironbound preservers
  7 green draconians
  6 red draconians
  9 deep elf annihilators
  11 dire elephants
  Azrael (Elf:1)
  7 deep elf demonologists
  4 white draconians
  5 black draconians
  A lorocyproca (D:3)
  10 spark wasps
  12 yellow draconians
  9 purple draconians
  A blizzard demon (D:15)
  9 ettins
  A crystal guardian (Vaults:4)
  3 merfolk javelineers
  6 deep elf death magi
  A green death (Depths:3)
  8 fire dragons
  9 merfolk impalers
  9 yaktaur captains
  13 deep elf high priests
  6 entropy weavers
  11 great orbs of eyes
  8 hydras
  3 rakshasas
  10 ice dragons
  4 ogre magi
  A jorogumo (Spider:4)
  32 vault guards
  A hydra (shapeshifter) (Vaults:5)
  9 ironbound frosthearts
  An anaconda (Lair:5)
  2 peacekeepers
  5 spriggan air magi
  A catoblepas (D:13)
  8 centaur warriors
  2 death knights (Vaults:2)
  A merfolk avatar (Shoals:3)
  6 deep troll shamans
  17 two-headed ogres
  10 boulder beetles
  2 alligator snapping turtles (Shoals:4)
  8 death yaks
  4 merfolk aquamancers
  6 hell hogs
  4 orc high priests
  2 deep troll earth magi
  7 tengu warriors
  3 demonic crawlers
  Urug (Lair:2)
  2 naga sharpshooters (Depths:4)
  23 dancing weapons
  6 vampire magi
  23 deep elf knights
  7 spriggan berserkers
  A soul eater (D:2)
  Nergalle (D:10)
  4 skysharks
  A sixfirhy (Depths:3)
  A spark wasp zombie (Depths:1)
  5 iron trolls
  7 sea snakes
  2 sun moths
  2 pharaoh ants (Spider:2)
  A goliath frog (shapeshifter) (Vaults:5)
  40 deep trolls
  2 shadow demons (Depths:2)
  3 flayed ghosts
  A kraken simulacrum (Shoals:4)
  17 deep elf archers
  4 glowing orange brains
  4 spriggan simulacra
  A tengu zombie (Depths:1)
  18 ironbound convokers
  5 orb spiders
  4 phantasmal warriors
  7 wizards
  4 harpies
  8 lindwurms
  34 deep elf zephyrmancers
  9 orc knights
  6 orc sorcerers
  5 necromancers
  3 steelbarb worms (Spider:4)
  A salamander (shapeshifter) (Elf:2)
  A tengu skeleton (Depths:1)
  49 deep elf pyromancers
  3 oklob plants
  13 wolf spiders
  A manticore (shapeshifter) (Depths:4)
  17 moths of wrath
  14 manticores
  28 ugly things
  Maurice (D:13)
  6 cyclopes
  A rust devil (D:3)
  A centaur zombie (D:15)
  7 merfolk sirens
  7 torpor snails
  An orange demon (Depths:3)
  A stone giant skeleton (Depths:1)
  3 elephants
  8 water nymphs
  10 black mambas
  2 smoke demons (Depths:3)
  A torpor snail (shapeshifter) (Vaults:5)
  14 vault sentinels
  Maggie (Lair:2)
  An unseen horror (shapeshifter) (Elf:2)
  3 gargoyles (D:12)
  3 centaur skeletons (D:15)
  3 unseen horrors
  10 cane toads
  3 kobold demonologists
  5 rime drakes
  11 yaktaurs
  4 freezing wraiths (Vaults:5)
  2 anaconda simulacra (D:14)
  An efreet (D:15)
  2 tengu conjurers
  5 komodo dragons
  A golden dragon simulacrum (Depths:4)
  10 trolls
  3 polar bears
  5 wind drakes
  A tengu simulacrum (Depths:4)
  3 tyrant leeches (Lair:5)
  28 merfolk
  11 hornets
  17 tarantellas
  18 blink frogs
  A tarantella (shapeshifter) (Vaults:5)
  6 meliai
  A nameless horror (Vaults:4)
  5 dream sheep
  10 snapping turtles
  A frost giant simulacrum (Depths:1)
  22 jumping spiders
  19 slime creatures
  A stone giant simulacrum (Depths:1)
  10 air elementals
  2 centaur simulacra (D:10)
  12 culicivoras
  2 vampires (D:12)
  3 spriggans
  An ettin skeleton (Depths:1)
  A shadow (D:11)
  A dire elephant simulacrum (D:14)
  2 wyverns
  16 humans
  2 wraiths
  12 water elementals
  45 yaks
  9 fire elementals
  A steam dragon (D:8)
  3 basilisks
  A minotaur simulacrum (D:14)
  A steam dragon (shapeshifter) (Vaults:5)
  39 redbacks
  5 vampire mosquitoes
  2 hell hounds (Elf:1)
  A human zombie (Depths:1)
  14 water moccasins
  2 wargs
  3 floating eyes
  An acid dragon (D:10)
  29 orc warriors
  An ice beast (D:7)
  2 sky beasts
  4 black bears
  5 boggarts
  35 wolves
  13 ogres
  10 centaurs
  2 kobold brigands
  2 phantoms (D:11)
  9 bullfrogs
  5 earth elementals
  A deep troll simulacrum (D:14)
  6 scorpions
  18 wights
  2 troll zombies (D:11)
  18 killer bees
  3 howler monkeys
  2 electric eels
  4 crimson imps
  A gnoll bouda (D:10)
  3 hounds (D:5)
  2 jellies
  21 orc priests
  7 iguanas
  32 orc wizards
  3 sleepcaps
  6 ogre zombies (D:11)
  Robin (D:3)
  8 adders
  A shadow imp (D:7)
  A white imp (D:5)
  An ufetubus (D:7)
  A worm (D:4)
  3 dart slugs
  92 orcs
  4 bats
  6 endoplasms
  3 giant cockroaches
  21 goblins
  11 hobgoblins
  4 quokkas
  8 ball pythons
  4 frilled lizards
  2 goblin skeletons (D:11)
  3 goblin zombies (D:11)
  2 hobgoblin skeletons (D:11)
  A hobgoblin zombie (D:11)
  7 kobolds
  3 orc skeletons (D:11)
  14 orc zombies (D:11)
  5 rats
  4 tentacles (Shoals:4)
1874 creatures vanquished.

Vanquished Creatures (collateral kills)
  A dread lich (Vaults:5)
  An ancient lich (Zot:5)
  An orb of fire (Zot:5)
  Josephina (Depths:4)
  Vv (Zot:1)
  Bai Suzhen (Depths:1)
  4 Killer Klowns (Zot:5)
  A caustic shrike (Depths:4)
  8 golden dragons
  9 tentacled monstrosities
  A hellephant (D:15)
  3 electric golems
  10 Orb Guardians
  A walking earthen tome (Depths:3)
  Asterion (Vaults:1)
  2 quicksilver dragons
  A titan (Depths:4)
  2 sphinxes
  4 storm dragons
  A shadow dragon (shapeshifter) (Vaults:5)
  2 shadow dragons
  A tengu reaver (Depths:2)
  Donald (Vaults:1)
  A draconian monk (Zot:1)
  A vault warden (Vaults:4)
  A draconian scorcher (Zot:2)
  A frost giant (Depths:3)
  3 fire giants
  3 draconian shifters
  An iron dragon (Vaults:2)
  A balrug (Zot:5)
  3 draconian annihilators
  A draconian stormcaller (Zot:5)
  A cacodemon (Zot:2)
  A war gargoyle (Vaults:4)
  An orc warlord (Vaults:4)
  A spriggan defender (Depths:4)
  A stone giant (Depths:3)
  An ironbound preserver (Vaults:5)
  An ironbound thunderhulk (Vaults:3)
  4 very ugly things
  A vampire knight (Depths:4)
  4 green draconians
  A purple draconian (Zot:5)
  2 yellow draconians
  3 dire elephants
  2 spark wasps
  3 red draconians
  2 entropy weavers
  5 ettins
  A great orb of eyes (Vaults:1)
  2 yaktaur captains
  2 ice dragons
  A rakshasa (Depths:3)
  A fire dragon (Depths:4)
  A vault guard (Depths:4)
  An ogre mage (Vaults:5)
  A catoblepas (Zot:5)
  A boulder beetle (Lair:5)
  A centaur warrior (Vaults:1)
  A deep troll earth mage (Depths:1)
  2 hell hogs (Zot:5)
  A spriggan berserker (Depths:4)
  2 sun demons (Zot:5)
  A naga sharpshooter (Depths:4)
  A sixfirhy (Zot:2)
  18 deep trolls
  3 ironbound convokers
  A phantasmal warrior (Vaults:4)
  A necromancer (Vaults:3)
  An orc knight (Vaults:1)
  10 ugly things
  4 moths of wrath
  3 vault sentinels
  A smoke demon (Zot:2)
  A tengu conjurer (Depths:2)
  11 yaktaurs
  A yaktaur (shapeshifter) (Vaults:5)
  2 freezing wraiths (Vaults:5)
  A komodo dragon (Lair:5)
  A hornet (Depths:4)
  A sphinx simulacrum (Depths:4)
  A slime creature (Vaults:1)
  A spriggan (Depths:4)
  A nameless horror (Vaults:4)
  A neqoxec (Zot:3)
  2 boggarts (Vaults:1)
194 creatures vanquished.

Vanquished Creatures (others)
  An ancient lich (Zot:5)
  2 Killer Klowns (Zot:5)
  An electric golem (Zot:5)
  A tentacled monstrosity (Zot:5)
  A lich (Depths:3)
  A deep elf blademaster (Elf:3)
  14 Orb Guardians (Zot:5)
  A titan (Depths:3)
  A shadow dragon (Zot:5)
  A storm dragon (Zot:5)
  A fire giant (Depths:4)
  A frost giant (Vaults:5)
  A draconian scorcher (Zot:5)
  A draconian shifter (Zot:5)
  2 draconian stormcallers (Zot:5)
  A green draconian (Zot:5)
  3 red draconians (Zot:5)
  A deep elf demonologist (Elf:1)
  A white draconian (Zot:5)
  2 yellow draconians (Zot:5)
  A deep elf knight (Elf:1)
  2 sun demons (Zot:5)
  A skyshark (Zot:5)
  A deep elf archer (Elf:1)
  A harpy (Shoals:4)
  3 deep elf pyromancers
  3 deep elf zephyrmancers
  A wolf spider (Spider:4)
  2 moths of wrath
  A vault sentinel (Vaults:5)
  2 air elementals (Elf:1)
  An orc warrior (Vaults:5)
  8 tentacles (Shoals:4)
65 creatures vanquished.

Grand Total: 2133 creatures vanquished

Notes
Turn   | Place    | Note
-------+----------+-------------------------------------------
     0 | D:1      | ragingrage the Deep Elf Hunter began the quest for the Orb.
     0 | D:1      | Reached XP level 1. HP: 12/12 MP: 3/3
   215 | D:1      | Reached XP level 2. HP: 16/16 MP: 4/4
   810 | D:2      | Reached XP level 3. HP: 20/20 MP: 5/5
   880 | D:2      | You fall into a shaft and drop 2 floors!
   893 | D:4      | Noticed a scorpion
  1017 | D:5      | Entered Level 5 of the Dungeon
  1019 | D:5      | Found a staircase to the Ecumenical Temple.
  1036 | Temple   | Entered the Ecumenical Temple
  1212 | Temple   | Became a worshipper of Gozag Ym Sagoz the Greedy
  1287 | D:5      | Reached skill level 1 in Spellcasting
  1287 | D:5      | Reached XP level 4. HP: 25/25 MP: 5/7
  1337 | D:4      | Noticed a scorpion
  1404 | D:5      | Noticed an ogre
  1458 | D:5      | Killed an ogre
  1459 | D:5      | Reached XP level 5. HP: 29/29 MP: 8/8
  1468 | D:5      | Learned a level 3 spell: Stone Arrow
  1562 | D:5      | Reached skill level 1 in Conjurations
  1562 | D:5      | Reached skill level 1 in Earth Magic
  1562 | D:5      | Reached XP level 6. HP: 16/34 MP: 8/10
  1708 | D:4      | Noticed Robin
  2038 | D:5      | Found a glowing golden altar of the Shining One.
  2386 | D:3      | Found a blossoming altar of Fedhas.
  2649 | D:3      | Reached XP level 7. HP: 38/38 MP: 12/12
  3888 | D:2      | Learned a level 2 spell: Passwall
  4361 | D:3      | Killed Robin
  4455 | D:4      | Found a shimmering altar of Xom.
  4893 | D:4      | Found a snail-covered altar of Cheibriados.
  5981 | D:6      | Reached XP level 8. HP: 43/43 MP: 15/15
  6228 | D:6      | Reached skill level 5 in Conjurations
  6228 | D:6      | Reached skill level 5 in Earth Magic
  7089 | D:6      | Reached skill level 5 in Spellcasting
  7219 | D:6      | Identified 3 scrolls of acquirement
  7221 | D:6      | Acquired a staff of earth
  7223 | D:6      | Acquired the Verses on Conjuring
  7225 | D:6      | Acquired a +1 shortbow of electrocution
  7235 | D:6      | Learned a level 3 spell: Mephitic Cloud
  7370 | D:6      | Reached skill level 1 in Air Magic
  7370 | D:6      | Reached skill level 1 in Poison Magic
  7703 | D:7      | Found a glowing silver altar of Zin.
  7706 | D:7      | Found a stormy altar of Qazlal.
  7778 | D:7      | Learned a level 5 spell: Iskenderun's Battlesphere
  7956 | D:7      | Reached XP level 9. HP: 47/47 MP: 20/20
  8736 | D:7      | Learned a level 5 spell: Irradiate
  8997 | D:7      | Reached skill level 1 in Transmutations
  9062 | D:8      | Found a bloodstained altar of Trog.
  9147 | D:8      | Noticed a troll
  9163 | D:8      | Killed a troll
  9594 | D:8      | Noticed a two-headed ogre
  9735 | D:8      | Killed a two-headed ogre
  9736 | D:8      | Reached XP level 10. HP: 52/52 MP: 12/22
  9800 | D:8      | Found a runed translucent door.
  9801 | D:8      | Noticed bakla's ghost (novice OgHW)
  9878 | D:8      | Reached skill level 5 in Transmutations
 10846 | D:8      | Noticed a wizard
 11354 | D:9      | Learned a level 5 spell: Lee's Rapid Deconstruction
 12181 | D:9      | Reached skill level 10 in Conjurations
 12181 | D:9      | Acquired the ring "Voum" {Drain rC+++ Will+ Dex+7 Slay-2}
 12183 | D:9      | Acquired the +0 pair of boots of the Swamp {Rampage Regen+
                  | Str+3}
 12195 | D:9      | Acquired 824 gold pieces
 12505 | D:10     | Entered Level 10 of the Dungeon
 12829 | D:10     | Found a large runed translucent door.
 12844 | D:10     | Found a large runed translucent door.
 13400 | D:10     | Reached XP level 11. HP: 49/56 MP: 19/26
 13696 | D:10     | Noticed a two-headed ogre
 13702 | D:10     | Killed a two-headed ogre
 13878 | D:10     | Found Kuakyur's Antique Armour Shoppe.
 14071 | D:10     | Noticed Nergalle
 14076 | D:10     | Killed Nergalle
 14077 | D:10     | Reached skill level 10 in Spellcasting
 14309 | D:10     | Learned a level 6 spell: Statue Form
 14520 | D:10     | Identified the +1 war axe of Makhleb's Favour {flame, rF+
                  | rN+ rCorr Int+3}
 14527 | D:10     | Noticed an ogre mage
 14528 | D:10     | Noticed a two-headed ogre
 14531 | D:10     | Noticed a deep elf pyromancer
 14532 | D:10     | Killed a two-headed ogre
 14538 | D:10     | Killed an ogre mage
 14539 | D:10     | Reached skill level 10 in Earth Magic
 14542 | D:10     | Killed a deep elf pyromancer
 14675 | D:10     | Got Sif Muna's Information on Destined Alteration
 15062 | D:10     | Noticed a centaur warrior
 15062 | D:10     | Noticed a boulder beetle
 15062 | D:10     | Noticed a two-headed ogre
 15187 | D:10     | Found a basalt altar of Yredelemnul.
 15191 | D:10     | Found a hazy altar of Hepliaklqana.
 15387 | D:11     | Noticed a boulder beetle
 16077 | D:11     | Found a staircase to the Orcish Mines.
 16245 | D:11     | Noticed a two-headed ogre
 16250 | D:11     | Killed a two-headed ogre
 16577 | D:11     | Found a staircase to the Lair.
 16624 | D:11     | HP: 1/56 [boulder beetle (23)]
 16635 | D:11     | Noticed a two-headed ogre
 16732 | D:10     | Killed a two-headed ogre
 16733 | D:10     | Reached XP level 12. HP: 61/61 MP: 9/28
 17091 | Lair:1   | Entered Level 1 of the Lair of Beasts
 17206 | Lair:1   | Noticed an eight-headed hydra
 17211 | Lair:1   | Killed an eight-headed hydra
 17280 | Lair:1   | Noticed a seven-headed hydra
 17280 | Lair:1   | Found the +1 robe of Vines {NoPotionHeal Regen++++}
 17369 | Lair:1   | Identified the +9 mace "Kaini" {flame, Str+2}
 17483 | Lair:1   | Reached skill level 3 in Dodging
 18084 | Lair:1   | Killed a seven-headed hydra
 18418 | Lair:2   | Noticed Maggie
 18425 | Lair:2   | Killed Maggie
 18609 | Lair:2   | Found a staircase to the Shoals.
 18609 | Lair:2   | Noticed a death yak
 18609 | Lair:2   | Noticed a death yak
 18609 | Lair:2   | Noticed a death yak
 18609 | Lair:2   | Noticed a death yak
 18609 | Lair:2   | Noticed a death yak
 18665 | Lair:2   | Reached skill level 4 in Dodging
 18990 | Lair:2   | Noticed Urug
 19609 | Lair:2   | Learned a level 2 spell: Blink
 19824 | Lair:2   | Killed Urug
 19825 | Lair:2   | Reached skill level 5 in Dodging
 20827 | Lair:3   | Reached skill level 10 in Transmutations
 20852 | Lair:3   | Reached XP level 13. HP: 70/70 MP: 1/30
 21070 | Lair:3   | Reached skill level 6 in Dodging
 21649 | Lair:3   | Found a hole to the Spider Nest.
 21802 | Lair:3   | Reached skill level 7 in Dodging
 22164 | Lair:3   | Reached skill level 5 in Fighting
 22659 | Lair:3   | Acquired the +3 Elemental Staff {rElec rF+ rC+ AC+3}
 22659 | Lair:3   | Found the +3 Elemental Staff {rElec rF+ rC+ AC+3}
 23332 | Lair:4   | Reached skill level 8 in Dodging
 23836 | Lair:4   | Found a staircase to the Slime Pits.
 24453 | Lair:5   | Entered Level 5 of the Lair of Beasts
 24701 | Lair:5   | Reached skill level 9 in Dodging
 25371 | Lair:5   | Found a runed translucent door.
 25372 | Lair:5   | Noticed a fire dragon
 25539 | Lair:5   | Reached skill level 10 in Dodging
 27060 | Lair:5   | Reached skill level 11 in Dodging
 27060 | Lair:5   | Reached XP level 14. HP: 83/83 MP: 19/31
 27352 | Lair:5   | Learned a level 3 spell: Vhi's Electric Charge
 28029 | Lair:5   | Identified the ring of Baroakib {rF+ AC+4 Int+3}
 28155 | Lair:5   | Reached skill level 12 in Dodging
 29103 | Lair:5   | Reached skill level 1 in Evocations
 29176 | Lair:5   | Reached skill level 1 in Staves
 29176 | Lair:5   | Reached skill level 13 in Dodging
 30592 | D:12     | Identified the ring "Tumel" {rElec rPois rC+ Dex+3 Slay+3}
 32115 | D:13     | Identified the +6 whip of the Mouth {vamp, rF++ Str+3
                  | Stlth+}
 32201 | D:13     | Identified the +2 cloak of Zotury {Dex+2}
 32881 | D:13     | Noticed Maurice
 32899 | D:13     | Killed Maurice
 33024 | D:13     | Identified the +3 whip of Plague {protect, Str+2}
 33117 | D:14     | Noticed Nessos
 33117 | D:14     | Found a gate to the Vaults.
 33371 | D:14     | Nessos changed into Nessos the redback
 33371 | D:14     | Noticed Nessos
 33374 | D:14     | Killed Nessos the redback
 33883 | D:14     | Reached XP level 15. HP: 88/88 MP: 24/33
 34235 | D:14     | Reached skill level 5 in Evocations
 34475 | D:14     | Reached skill level 14 in Dodging
 35158 | D:11     | Learned a level 5 spell: Freezing Cloud
 35173 | Orc:1    | Entered Level 1 of the Orcish Mines
 35805 | Orc:1    | Reached skill level 5 in Staves
 35929 | Orc:1    | Found Jiterev's CLEARANCE SALE!.
 35932 | Orc:1    | Bought a wand of charming (6) for 72 gold pieces
 35932 | Orc:1    | Bought a potion of ambrosia for 40 gold pieces
 35932 | Orc:1    | Bought a scroll of poison for 20 gold pieces
 36039 | Orc:2    | Entered Level 2 of the Orcish Mines
 36051 | Orc:2    | Reached skill level 1 in Ice Magic
 36319 | Orc:2    | Found a staircase to the Elven Halls.
 37672 | Orc:2    | Paralysed by an orc sorcerer for 4 turns
 37734 | Orc:2    | Found Fejofaog's Magic Scroll Shoppe.
 37859 | Orc:2    | Bought a scroll of amnesia for 68 gold pieces
 37859 | Orc:2    | Bought a scroll of amnesia for 68 gold pieces
 37968 | Orc:2    | Reached skill level 1 in Translocations
 37976 | Orc:2    | Found Istea's General Store.
 38111 | Orc:2    | Found Luf Soo's Jewellery Boutique.
 38113 | Orc:2    | Found Ytypol's Antique Armour Shop.
 38113 | Orc:2    | Found Nerphunk's Antique Weapon Shop.
 38128 | Orc:2    | Bought a scroll of blinking for 105 gold pieces
 38128 | Orc:2    | Bought a wand of digging (6) for 352 gold pieces
 38128 | Orc:2    | Bought a potion of enlightenment for 70 gold pieces
 38128 | Orc:2    | Bought a scroll of identify for 28 gold pieces
 38128 | Orc:2    | Bought a scroll of immolation for 56 gold pieces
 38131 | Orc:2    | Bought the ring of Ruunat {Int+2 SInv} for 340 gold pieces
 38131 | Orc:2    | Bought an amulet of regeneration for 390 gold pieces
 38682 | D:15     | Entered Level 15 of the Dungeon
 39234 | D:15     | Noticed Roxanne
 39589 | D:15     | Found Bifev's Distillery.
 39597 | D:15     | Bought a potion of haste for 150 gold pieces
 39597 | D:15     | Bought a potion of curing for 45 gold pieces
 39597 | D:15     | Bought a potion of heal wounds for 75 gold pieces
 39597 | D:15     | Bought a potion of heal wounds for 75 gold pieces
 40013 | D:15     | Found a staircase to the Depths.
 40310 | D:15     | Reached skill level 15 in Dodging
 40310 | D:15     | Killed Roxanne
 40625 | Elf:1    | Entered Level 1 of the Elven Halls
 40751 | Elf:1    | Reached XP level 16. HP: 93/93 MP: 12/36
 42263 | Elf:1    | Reached skill level 15 in Spellcasting
 42416 | Elf:1    | Identified the staff "Tock" {rC+ rN+ Int-4 Dex+3 Hexes Ice}
 42427 | Elf:1    | Identified the staff "Qezoro Rigag" {Int+3 Earth}
 42555 | Elf:1    | Paralysed by an air elemental for 1 turns
 42564 | Elf:1    | Reached skill level 16 in Dodging
 42623 | Elf:1    | Paralysed by an air elemental for 1 turns
 42690 | Elf:1    | Paralysed by an air elemental for 1 turns
 42692 | Elf:1    | Paralysed by an air elemental for 1 turns
 42694 | Elf:1    | Paralysed by an air elemental for 1 turns
 42697 | Elf:1    | Paralysed by an air elemental for 1 turns
 42984 | Elf:1    | Noticed Azrael
 43065 | Elf:1    | Found a runed translucent door.
 43068 | Elf:1    | Found a hide-covered altar of Uskayaw.
 43088 | Elf:1    | Killed Azrael
 43430 | Elf:1    | Noticed pokeman's ghost (adept DEHW)
 43437 | Elf:1    | Found a transporter.
 43443 | Elf:1    | Noticed Zenata
 43670 | Lair:3   | Learned a level 5 spell: Arcjolt
 43673 | Spider:1 | Entered Level 1 of the Spider Nest
 44511 | Spider:1 | Noticed liarliar's ghost (adept SpHu)
 44514 | Spider:1 | Found a runed translucent door.
 45536 | Spider:1 | You fall into a shaft and drop 1 floor!
 46033 | Spider:2 | Reached skill level 1 in Summonings
 46211 | Spider:2 | Identified the +2 rapier "Tantug" {vamp, Fragile Fly rElec
                  | rCorr}
 47763 | Spider:3 | Reached XP level 17. HP: 96/97 MP: 25/39
 48767 | Spider:4 | Entered Level 4 of the Spider Nest
 48767 | Spider:4 | Noticed Arachne
 48772 | Spider:4 | Noticed Agnes
 48779 | Spider:3 | Killed Agnes
 48789 | Spider:3 | Killed Arachne
 48790 | Spider:3 | Reached skill level 17 in Dodging
 49816 | Spider:4 | Reached skill level 1 in Shields
 50607 | Spider:4 | Reached skill level 15 in Conjurations
 51278 | Spider:4 | Got a gossamer rune of Zot
 51694 | Shoals:1 | Entered Level 1 of the Shoals
 53545 | Shoals:2 | Noticed Aizul
 53560 | Shoals:2 | Killed Aizul
 53764 | Shoals:2 | Noticed Nikola
 53772 | Shoals:2 | Killed Nikola
 54025 | Shoals:2 | Found Lyapeg's Visitors' Centre.
 54142 | Shoals:2 | Found Lyapeg's Merfolk Armours.
 54142 | Shoals:2 | Found Lyapeg's Merfolk Weapons.
 54152 | Shoals:2 | Bought a potion of enlightenment for 500 gold pieces
 54158 | Shoals:2 | Bought a +0 cloak of willpower for 126 gold pieces
 54158 | Shoals:2 | Bought a +2 pair of gloves of infusion for 236 gold pieces
 54166 | Shoals:2 | Bought a throwing net for 42 gold pieces
 54171 | Shoals:2 | Bought a phial of floods for 560 gold pieces
 55161 | Shoals:3 | Reached skill level 5 in Summonings
 55526 | Shoals:4 | Entered Level 4 of the Shoals
 55658 | Shoals:4 | Reached skill level 18 in Dodging
 56069 | Shoals:4 | Got the Compendium of the Syncline
 56443 | Shoals:4 | Reached XP level 18. HP: 103/103 MP: 15/40
 56638 | Shoals:4 | Reached skill level 10 in Staves
 56777 | Shoals:4 | Got a barnacled rune of Zot
 57087 | Shoals:4 | Learned a level 7 spell: Spellforged Servitor
 57984 | Elf:1    | Found Qifass's Assorted Antiques.
 58049 | Elf:1    | Bought a scroll of identify for 62 gold pieces
 58049 | Elf:1    | Bought a potion of haste for 310 gold pieces
 58068 | Elf:1    | Identified the +9 mace of the Heavens {flame, rElec Will+
                  | SInv}
 58340 | Elf:1    | Found a transporter.
 58558 | Elf:1    | Killed Zenata
 59652 | Elf:1    | Killed pokeman's ghost
 59930 | Elf:2    | Paralysed by an air elemental for 1 turns
 61156 | Elf:2    | Found a runed translucent gate.
 61156 | Elf:2    | Found a runed translucent gate.
 61156 | Elf:2    | Found a runed translucent gate.
 61269 | Elf:3    | Entered Level 3 of the Elven Halls
 61819 | Elf:3    | Reached skill level 10 in Summonings
 62021 | Elf:3    | Reached XP level 19. HP: 90/110 MP: 25/43
 62626 | Elf:3    | Reached skill level 10 in Fighting
 63676 | Elf:3    | Identified the +9 war axe of Chance {chaos, rF++}
 63683 | Elf:3    | Identified the staff "Qaopsor" {Fly rN+ Dex-3 Earth Poison}
 63687 | Elf:3    | Identified the +6 orcbow "Siopput" {speed, rF+ rC+}
 63750 | Elf:3    | Got Ibatwat's Omnibus of the Atmosphere
 63925 | Elf:3    | Learned a level 6 spell: Leda's Unmaking
 64121 | Vaults:1 | Entered Level 1 of the Vaults
 64428 | Vaults:1 | Noticed Asterion
 64436 | Vaults:1 | Killed Asterion
 65646 | Vaults:1 | Found a runed translucent gate.
 65646 | Vaults:1 | Found a runed translucent gate.
 65646 | Vaults:1 | Found a runed translucent gate.
 65654 | Vaults:1 | Noticed Donald
 65666 | Vaults:1 | Killed Donald
 65917 | Vaults:1 | Found a portal to a secret trove of treasure.
 66866 | Vaults:1 | Found a runed translucent gate.
 66866 | Vaults:1 | Found a runed translucent gate.
 66873 | Vaults:1 | Found a runed translucent gate.
 66879 | Vaults:1 | Noticed promet's ghost (adept MiFi)
 66993 | Vaults:2 | Found Kasho's Jewellery Shoppe.
 67450 | Vaults:2 | Reached XP level 20. HP: 119/119 MP: 21/44
 67713 | Vaults:2 | Identified the +9 long sword of the Revolution {drain,
                  | Will- Str+3 Dex+8}
 67791 | Vaults:2 | Reached skill level 5 in Shields
 68302 | Vaults:2 | Noticed Mara
 68381 | Vaults:2 | Noticed ragingrage's illusion
 68382 | Vaults:2 | Killed Mara
 70090 | Vaults:2 | Found a staircase to the Crypt.
 71151 | Vaults:3 | Identified the +1 quarterstaff of Anon {flame, Str+4}
 72933 | Vaults:4 | Noticed Xtahua
 73112 | Vaults:4 | Reached XP level 21. HP: 127/127 MP: 29/46
 73309 | Vaults:4 | Killed Xtahua
 75322 | Depths:1 | Entered Level 1 of the Depths
 75322 | Depths:1 | Found a gateway to Hell.
 75677 | Depths:1 | Gained mutation: You are dopey. (Int -2) [mutagenic glow]
 75799 | D:15     | Lost mutation: You are dopey. (Int -2) [potion of mutation]
 75799 | D:15     | Gained mutation: Your magical capacity is low. (-10% MP)
                  | [potion of mutation]
 75799 | D:15     | Gained mutation: Your magical capacity is very low. (-20%
                  | MP) [potion of mutation]
 75799 | D:15     | Gained mutation: Your flesh is heat resistant. (rF+)
                  | [potion of mutation]
 75799 | D:15     | Gained mutation: You possess an exceptional clarity of
                  | mind. [potion of mutation]
 75800 | D:15     | Lost mutation: You possess an exceptional clarity of mind.
                  | [potion of mutation]
 75800 | D:15     | Lost mutation: Your magical capacity is very low. (-20% MP)
                  | [potion of mutation]
 75800 | D:15     | Lost mutation: Your magical capacity is low. (-10% MP)
                  | [potion of mutation]
 75800 | D:15     | Gained mutation: Your muscles are strong. (Str +4, Int/Dex
                  | -1) [potion of mutation]
 75800 | D:15     | Gained mutation: Your mind is acute. (Int +4, Str/Dex -1)
                  | [potion of mutation]
 75832 | Depths:1 | Identified the +5 quarterstaff "Bickohan" {elec, Dex+3}
 75900 | Depths:1 | Found a one-way gate leading to the halls of Pandemonium.
 76385 | Depths:1 | Found a corrupted altar of Lugonu.
 76385 | Depths:1 | Found a one-way gate to the infinite horrors of the Abyss.
 76862 | Depths:1 | Noticed Bai Suzhen
 76885 | Depths:1 | Killed Bai Suzhen
 77010 | Depths:1 | Found a one-way gateway to a ziggurat.
 77269 | Depths:1 | Found a white marble altar of Elyvilon.
 77348 | Depths:1 | Found a shimmering altar of Xom.
 77348 | Depths:1 | Noticed Rofut's ghost (adept AtIE)
 77356 | Depths:1 | Found a runed translucent door.
 77356 | Depths:1 | Identified the +8 rapier of the Stork {chaos, rPois rC- rN+
                  | Dex+2}
 77403 | Depths:1 | You fall into a shaft and drop 1 floor!
 77403 | Depths:2 | Noticed the Enchantress
 77421 | Depths:2 | Killed the Enchantress
 77929 | Depths:2 | Reached skill level 10 in Shields
 78680 | Depths:2 | Reached XP level 22. HP: 135/135 MP: 15/47
 78807 | Depths:2 | Reached skill level 10 in Evocations
 79839 | Depths:3 | Noticed a golden dragon
 79844 | Depths:3 | Noticed a golden dragon
 79844 | Depths:3 | Killed a golden dragon
 79863 | Depths:3 | Killed a golden dragon
 80733 | Depths:3 | Noticed a golden dragon
 80738 | Depths:3 | Killed a golden dragon
 80756 | Depths:3 | Noticed a golden dragon
 80758 | Depths:3 | Killed a golden dragon
 81400 | Depths:3 | Noticed a golden dragon
 81410 | Depths:3 | Killed a golden dragon
 81410 | Depths:3 | Noticed a juggernaut
 81423 | Depths:4 | Entered Level 4 of the Depths
 81658 | Depths:3 | Noticed a golden dragon
 81658 | Depths:3 | Found the +3 giant club "Skullcrusher" {speed, Str+7}
 81663 | Depths:3 | Noticed a golden dragon
 81679 | Depths:3 | Killed a golden dragon
 81684 | Depths:3 | Killed a golden dragon
 81829 | Depths:3 | Killed a juggernaut
 82001 | Depths:3 | Identified the +5 sling of Propriety {drain, rPois rF+++
                  | Int-2 Dex-3}
 82603 | Depths:3 | Noticed a golden dragon
 82763 | Depths:3 | Killed a golden dragon
 82764 | Depths:3 | Reached skill level 15 in Fighting
 83470 | Depths:4 | Identified the ring of Haaptiw {Ice rElec rPois rN+++
                  | Dex-3}
 83470 | Depths:4 | Noticed Josephina
 83485 | Depths:4 | Killed Josephina
 83503 | Depths:4 | Identified the ring of Xept {rF+ Str+8 Int-5}
 83618 | Depths:4 | Noticed a dread lich
 83622 | Depths:4 | Killed a dread lich
 83784 | Depths:4 | Reached skill level 15 in Evocations
 83784 | Depths:4 | Reached XP level 23. HP: 144/144 MP: 8/48
 83948 | Depths:4 | Noticed Sojobo
 83952 | Depths:4 | Killed Sojobo
 84063 | Depths:4 | Identified the ring "Cist" {rPois Will+ Stlth+}
 84082 | Depths:4 | Found a transporter.
 84258 | Depths:4 | Paralysed by a floating eye for 2 turns
 84332 | Depths:4 | Found a gate to the Realm of Zot.
 84405 | Depths:4 | Reached skill level 5 in Air Magic
 84632 | Depths:4 | Identified the ring of Qaem {rPois SInv Stlth+}
 84886 | Depths:4 | Found Yjepav's Armour Emporium.
 85217 | Depths:4 | Found Viychola's Book Emporium.
 85227 | Depths:4 | Bought a manual of Dodging for 1120 gold pieces
 85227 | Depths:4 | Bought a book of Air for 308 gold pieces
 85231 | Depths:4 | Learned a level 3 spell: Swiftness
 85233 | Depths:4 | Learned a level 1 spell: Apportation
 85307 | Depths:4 | Identified the +0 ring mail of the Quahog {Str+3}
 85693 | Depths:4 | Reached skill level 19 in Dodging
 85795 | Depths:4 | Found a transporter.
 85822 | Depths:4 | Noticed a caustic shrike
 85847 | Depths:4 | Killed a caustic shrike
 86335 | Vaults:4 | Learned a level 2 spell: Wereblood
 86341 | Vaults:5 | Entered Level 5 of the Vaults
 86366 | Vaults:5 | Reached skill level 20 in Dodging
 86370 | Vaults:5 | Noticed a dread lich
 86375 | Vaults:5 | Killed a dread lich
 86701 | Vaults:5 | Reached skill level 21 in Dodging
 86970 | Vaults:5 | Noticed a caustic shrike
 86972 | Vaults:5 | a caustic shrike changed into a death yak
 87211 | Vaults:5 | Noticed a dread lich
 87246 | Vaults:5 | Killed a dread lich
 87478 | Vaults:5 | Noticed an ancient lich
 87494 | Vaults:4 | Killed an ancient lich
 87495 | Vaults:4 | Reached skill level 22 in Dodging
 87495 | Vaults:4 | Reached XP level 24. HP: 150/150 MP: 0/48
 87870 | Vaults:5 | Acquired 337 gold pieces
 88140 | Vaults:5 | Got a silver rune of Zot
 88555 | Vaults:5 | Identified the +1 whip of Hairy Defence {freeze, rCorr
                  | Str+3}
 88556 | Vaults:5 | Identified the +10 mace of Darkness {drain, rPois Int+4
                  | Stlth-}
 88880 | Vaults:5 | Identified the +7 bardiche of Suifaena {antimagic, Fly rF++
                  | Dex+3}
 88882 | Vaults:5 | Identified the ring of Keom {Fire Str+3}
 88883 | Vaults:5 | Identified the +6 mace of Action {freeze, Will+ rCorr}
 88885 | Vaults:5 | Identified the staff of the Screaming Gods {Dex+3 Conj}
 89292 | Vaults:5 | Found Exarex's Antique Armour Boutique.
 89423 | Vaults:5 | Got the Cyclopedia of the Nimbus and Nonlocality
 89433 | Vaults:5 | Identified the +0 chain mail of Elyvilon, Fortifying
                  | {Contam rC+ Str+9}
 89434 | Vaults:5 | Identified the +10 orcbow "Zokhlofui" {drain, rPois rC++
                  | Int+2 Dex-5}
 89624 | Vaults:5 | Identified the ring of the Chewing Sybil {rPois Int+3}
 89699 | Vaults:5 | Identified the +8 orcbow "Vumaq" {elec, rC+ Int+3 SInv}
 90510 | Vaults:1 | You paid a toll of a +6 demon whip to enter a treasure
                  | trove
 90511 | Trove    | Entered a treasure trove
 90523 | Trove    | Identified the ring of the King {*Slow rElec Will+ Int+3}
 90531 | Trove    | Identified the amulet "Egyve" {Spirit rElec Dex+4}
 90533 | Trove    | Identified the ring of Xom's Ringing Laughter {rElec Will+}
 90814 | Zot:1    | Entered Level 1 of the Realm of Zot
 91042 | Zot:1    | Reached skill level 5 in Stealth
 91306 | Zot:1    | Got Practical Sorcery
 91469 | Zot:1    | Identified the ring of Huih {rC+++ Str+6 Dex+3 Stlth-}
 91511 | Zot:1    | Reached skill level 23 in Dodging
 91771 | Zot:1    | Noticed Vv
 91779 | Zot:1    | Killed Vv
 92638 | Zot:2    | Noticed a Killer Klown
 92904 | Zot:2    | Killed a Killer Klown
 93511 | Zot:2    | Reached skill level 5 in Ice Magic
 95677 | Zot:3    | Reached XP level 25. HP: 156/156 MP: 19/48
 97810 | Zot:5    | Entered Level 5 of the Realm of Zot
 98117 | Zot:5    | Noticed an ancient lich
 98122 | Zot:5    | Noticed an orb of fire
 98122 | Zot:5    | Noticed a Killer Klown
 98123 | Zot:5    | Noticed a Killer Klown
 98126 | Zot:5    | Noticed a Killer Klown
 98126 | Zot:5    | Noticed a Killer Klown
 98130 | Zot:5    | Killed an ancient lich
 98144 | Zot:5    | Noticed an ancient lich
 98147 | Zot:5    | Noticed an orb of fire
 98148 | Zot:5    | Noticed an orb of fire
 98149 | Zot:5    | Noticed a Killer Klown
 98154 | Zot:5    | Killed a Killer Klown
 98154 | Zot:5    | Noticed a Killer Klown
 98156 | Zot:5    | Noticed a Killer Klown
 98157 | Zot:5    | Noticed a Killer Klown
 98160 | Zot:5    | Killed a Killer Klown
 98162 | Zot:5    | Killed an orb of fire
 98163 | Zot:5    | Noticed a Killer Klown
 98163 | Zot:5    | Killed a Killer Klown
 98164 | Zot:5    | Killed a Killer Klown
 98166 | Zot:5    | Killed a Killer Klown
 98588 | Zot:5    | Killed a Killer Klown
 98785 | Zot:5    | Got the Orb of Zot
 99471 | D:$      | Escaped with the Orb!

Illustrated notes

Levels and vault maps discovered:
D:1:      dpeg_arrival_round_a, layout_basic
D:2:      layout_loops_ring
D:3:      layout_basic, mainiacjoe_overflow_small_starburst,
          hangedman_decor_push
D:4:      layout_rooms, lemuel_tele_altar, led_xom_imps, grunt_ministairs_1,
          uniq_robin
D:5:      layout_cave_pools, nicolae_tso_carved_into_rock,
          minmay_temple_entry_glass, minivault_11, minmay_ogre_servants
D:6:      layout_cave_pools, nicolae_elevator_lobby_plus
D:7:      layout_basic, nicolae_overflow_hidden_temple, st_stairs_13
D:8:      layout_basic, trog_ov_bears_minmay, gammafunk_ghost_grave,
          corexii_checkpoint_a, minmay_three_doors
D:9:      layout_loops_corners, wad_floor_pattern_untrapped
D:10:     nzn_winding_woodlands_three_and_one
          [nzn_winding_woodlands_5x15_default, nzn_winding_woodlands_5x15_cabin,
          nzn_winding_woodlands_5x15_parted,
          nzn_winding_woodlands_center_lodge], layout_rooms,
          jmf_multi_god_temple2, serial_shops, shop_statue,
          minmay_diamond_spiral, uniq_nergalle
D:11:     layout_gridville, lair_entry_dummy, zombieorc2_lemuel, st_stairs_6
D:12:     layout_basic, minmay_misc_feat_iff
D:13:     layout_basic, serial_glass, glass_columns_a, glass_columns_b,
          uniq_maurice
D:14:     layout_loops_corners, david_vaults_3,
          portal_ice_cave_entry_ice_simulacra, minmay_crystal_room
D:15:     grunt_enter_depths_magical_seal, layout_cave_pods, serial_shops,
          nicolae_shop_tiny_waterfront, amcnicky_mini_pool_small, uniq_roxanne
Temple:   nicolae_temple_bog_church
Lair:1:   layout_roguey, hellmonk_guarded_unrand_vines
Lair:2:   layout_gridlike, minmay_shoals_entry_hut,
          nicolae_quartered_pool_super, hangedman_lair_generics_rect,
          uniq_maggie, uniq_urug
Lair:3:   layout_cave_pods, dummy_spider_entry, minmay_lair_oklob_items,
          grunt_megastairs_2
Lair:4:   layout_roguey, slime_entry_1, chequers_serial_rivers_large_b,
          serial_bayou_pond_c, eino_small_chamber_without_monster
Lair:5:   hangedman_lair_in_review, layout_regular_city, wormcave, minivault_19,
          serial_bayou_shore_b
Shoals:1: layout_shoals
Shoals:2: nicolae_shoals_mermall, layout_shoals, nicolae_shop_firing_range,
          uniq_nikola, uniq_aizul, uniq_kirke
Shoals:3: argonaut_golden_fleece, layout_shoals, ldierk_geyser,
          nicolae_shoals_lost_giant_baths
Shoals:4: shoals_end_grunt_ice, layout_shoals
Spider:1: layout_spider_delve, hellmonk_ghost_happy_afterlife,
          nicolae_spider_paper_wasps
Spider:2: layout_spider_delve
Spider:3: layout_chambers, hangedman_spider_tarantella_strand
Spider:4: grunt_spider_rune_circles, uniq_agnes, uniq_arachne
Orc:1:    layout_caves, nicolae_shop_clearance
Orc:2:    st_orc_congregation, layout_diamond_mine, serial_shops,
          nicolae_shop_tiny_statue_garden
Elf:1:    minmay_the_grid_square_5x5_4x4 [minmay_the_grid_square_5x5_corner,
          minmay_the_grid_square_5x5_trominoes,
          minmay_the_grid_square_5x5_inset, minmay_the_grid_square_5x5_n,
          minmay_the_grid_square_5x5_intrusive_squares,
          minmay_the_grid_square_5x5_prize_deathbox,
          minmay_the_grid_square_5x5_prize_waves,
          minmay_the_grid_square_5x5_dogpile,
          minmay_the_grid_square_5x5_minimal,
          minmay_the_grid_square_5x5_prize_junk,
          minmay_the_grid_square_5x5_prize_monsterx,
          minmay_the_grid_square_5x5_minibox,
          minmay_the_grid_square_5x5_three_small,
          minmay_the_grid_square_5x5_two_walls_a,
          minmay_the_grid_square_5x5_tie, minmay_the_grid_square_5x5_shrine1],
          layout_onion_city, serial_shops, shop, gammafunk_ghost_arena,
          hangedman_elf_represent, drop_trap, nicolae_danse_macabre,
          uniq_azrael, uniq_zenata
Elf:2:    elven_hall_of_blades_hangedman_original [mumra_blade_entry_dagger],
          layout_gridlike
Elf:3:    minmay_elf_hall_spiked, layout_geoelf_diagonals, minmay_misc_feat_rows
Vaults:1: ploomutoo_gammafunk_ghost_potion_laboratory, hangedman_vaults_nails,
          nicolae_vaults_wrenched, nicolae_vaults_stepped_doors, v_misc_9,
          nicolae_vaults_closet_pinwheel_1, nicolae_vaults_trapezoid_1,
          hangedman_vaults_capsules, nicolae_vaults_big_angled_halls, v_misc_23,
          nicolae_vaults_tetromino_L_2, nicolae_vaults_little_ls,
          layout_vaults_omnibox, nicolae_trove_entry_crystal, uniq_donald,
          uniq_asterion
Vaults:2: minmay_crypt_entry_simple_walls, nicolae_vaults_security_offices_1,
          grunt_vaults_swirl, nicolae_vaults_storage_closets_2,
          dpeg_vaults_monster_box, nicolae_vaults_border_crossing,
          vaults_room_hallway, ontoclasm_vaults_eye,
          nicolae_vaults_more_shelving_1, nicolae_vaults_apartment_1,
          layout_vaults_omnigrid, serial_shops, shop, uniq_mara
Vaults:3: vaults_dpeg_diagonal, nicolae_vaults_spaceships,
          nicolae_vaults_diamond_2, v_misc_22,
          vaults_standard_mumra_enter_the_diamond, nicolae_vaults_angled_halls,
          nicolae_vaults_two_Ls, nicolae_vaults_diamond_1,
          nicolae_vaults_diamond_1, st_more_cells, layout_vaults_big_room
Vaults:4: hangedman_vaults_locks, nicolae_vaults_shrinking_rooms_1, st_eye,
          nicolae_vaults_hexular_roomagon, nicolae_vaults_closet_pinwheel_1,
          nicolae_vaults_trapezoid_1, hangedman_vaults_maws, v_misc_26,
          vaults_room_hallway, nicolae_vaults_three_branches,
          layout_vaults_ring, uniq_xtahua
Vaults:5: serial_shops
Depths:1: layout_basic, enter_ziggurat_a, ebering_ghost_xom, elyvilon_altar_5,
          abyss_entry_flame_altar, grunt_pan_entry_zigzag, hell_entry,
          minmay_crystal_water, hangedman_aviary, uniq_bai_suzhen
Depths:2: cheibrodos_birdhouse, layout_basic, hell_entry,
          minmay_misc_feat_cross, rand_demon_pan_entry_5, nicolae_keep_em_comin,
          minmay_staircase_bubble, uniq_enchantress
Depths:3: minmay_four_inscribed_fans, layout_basic,
          hangedman_decor_diamond_cutter, hell_entry, rand_demon_pan_entry_1,
          abyss_entry
Depths:4: hangedman_spin_cycle, hell_entry, uniq_josephina
Zot:1:    layout_cellular_growth, uniq_vv
Zot:2:    layout_basic
Zot:3:    layout_basic
Zot:4:    layout_basic, skrybe_zot_glass_2
Zot:5:    layout_twisted_circle, st_stairs_3

Skill      XL: |  1  2  3  4  5  6  7  8  9 10 11 12 13 14 15 16 17 18 19 20 21 22 23 24 25 |
---------------+----------------------------------------------------------------------------+-----
Ranged Weapons | 6 7 8 9 |  9.0
Stealth        | 2 3 9 |  9.0
Spellcasting   | 1 2 3 6 7 9 10 11 12 14 16 18 19 20 | 20.0
Conjurations   | 1 2 4 6 8 10 12 13 14 15 17 18 19 | 19.0
Earth Magic    | 1 2 4 6 8 9 11 12 13 14 | 14.0
Air Magic      | 1 2 3 4 6 |  6.0
Poison Magic   | 1 2 |  2.0
Transmutations | 4 6 8 10 | 10.0
Fighting       | 4 7 8 9 10 12 13 15 16 | 16.6
Dodging        | 5 11 13 15 16 18 22 23 | 23.2
Evocations     | 4 6 7 9 15 16 | 16.0
Staves         | 4 6 7 9 11 12 | 12.0
Ice Magic      | 4 7 8 |  8.4
Translocations | 4 |  4.0
Summonings     | 2 5 10 12 13 14 | 14.0
Shields        | 4 7 10 12 13 | 13.8

Action                     |  1- 3 |  4- 6 |  7- 9 | 10-12 | 13-15 | 16-18 | 19-21 | 22-24 | 25-27 || total
---------------------------+-------+-------+-------+-------+-------+-------+-------+-------+-------++-------
  Melee: Shortbow          |       |       |     1 |       |       |       |       |       |       ||     1
         Staff             |       |       |       |     9 |   294 |   353 |   476 |   409 |    79 ||  1620
         Punch             |       |       |       |     1 |     3 |       |       |       |       ||     4
   Fire: Shortbow          |    61 |   103 |   326 |   195 |       |       |       |       |       ||   685
  Throw: Dart              |       |     9 |     7 |       |       |       |       |       |       ||    16
   Cast: Stone Arrow       |       |       |    65 |   256 |   562 |   552 |     9 |       |       ||  1444
         Mephitic Cloud    |       |       |     1 |    15 |    11 |     2 |       |       |       ||    29
         Iskenderun's Batt |       |       |       |    52 |   123 |   123 |       |       |       ||   298
         Irradiate         |       |       |       |    12 |    23 |    54 |     6 |    12 |     7 ||   114
         Lee's Rapid Decon |       |       |       |       |    14 |    23 |    54 |    26 |       ||   117
         Statue Form       |       |       |       |       |    68 |   148 |   100 |   112 |    26 ||   454
         Freezing Cloud    |       |       |       |       |     3 |    21 |     7 |     6 |       ||    37
         Arcjolt           |       |       |       |       |       |    59 |    89 |    49 |    14 ||   211
         Leda's Unmaking   |       |       |       |       |       |       |   288 |   416 |    67 ||   771
         Spellforged Servi |       |       |       |       |       |       |    44 |    71 |    11 ||   126
         Wereblood         |       |       |       |       |       |       |       |     1 |       ||     1
         Swiftness         |       |       |       |       |       |       |       |     1 |       ||     1
 Invoke: Potion Petition   |       |       |       |       |     1 |     3 |     1 |     3 |       ||     8
         Bribe Branch      |       |       |       |       |       |       |       |       |     5 ||     5
  Evoke: Wand              |       |     2 |     1 |     4 |     9 |     9 |    10 |    16 |     3 ||    54
         Lightning rod     |       |       |       |       |       |       |     8 |     7 |       ||    15
         Box of beasts     |       |       |       |       |       |       |       |     1 |       ||     1
         Phantom mirror    |       |       |       |       |       |       |       |     1 |       ||     1
         Condenser vane    |       |       |       |       |       |       |       |     1 |       ||     1
    Use: Scroll            |       |     2 |     8 |     9 |     9 |    13 |     2 |     9 |     1 ||    53
         Potion            |       |       |     1 |     1 |       |     3 |     2 |     7 |       ||    14
   Stab: Confused          |       |       |       |       |     3 |       |       |       |     1 ||     4
         Distracted        |       |       |       |       |     2 |     2 |    12 |     9 |     1 ||    26
         Invisible         |       |       |       |       |       |       |     2 |     7 |       ||     9
 Armour: Leather armour    |     5 |     4 |    24 |    16 |       |       |       |       |       ||    49
         Steam dragon scal |       |       |       |     5 |    19 |       |       |       |       ||    24
         Ring mail         |       |       |       |     1 |       |       |       |       |       ||     1
         Skin              |       |       |       |       |   290 |   654 |   308 |   379 |    55 ||  1686
         Robe              |       |       |       |       |     2 |    22 |     9 |    20 |     2 ||    55
  Dodge: Dodged            |     9 |    20 |    71 |   107 |   925 |  1536 |   873 |   963 |   165 ||  4669
  Block: Buckler           |       |       |       |       |       |   191 |   321 |       |       ||   512
         Kite shield       |       |       |       |       |       |       |   105 |   645 |   127 ||   877

Table legend: (Time is in decaauts)
 A = Elapsed time spent in this place.
 B = Non-inter-level travel time spent in this place.
 C = Inter-level travel time spent in this place.
 D = Time resting spent in this place.
 E = Time spent auto-exploring this place.
 F = Levels seen in this place.
 G = Mean time per level.
                   A        B        C        D        E       F      G
               +--------+--------+--------+--------+--------+-----+--------+
         Total | 112678 | 107375 |   5303 |  32950 |  57326 |  49 | 2299.6 |
       Dungeon |  27290 |  25346 |   1944 |   8534 |  13022 |  15 | 1819.3 |
        Temple |    190 |    176 |     14 |      0 |    164 |   1 |  190.0 |
          Lair |  14219 |  13364 |    855 |   4695 |   6990 |   5 | 2843.8 |
        Shoals |   7854 |   7737 |    117 |   2302 |   4342 |   4 | 1963.5 |
   Spider Nest |   8500 |   8213 |    287 |   2164 |   4751 |   4 | 2125.0 |
  Orcish Mines |   5575 |   5263 |    312 |   2107 |   2053 |   2 | 2787.5 |
   Elven Halls |   8826 |   8602 |    224 |   2774 |   3617 |   3 | 2942.0 |
        Vaults |  17754 |  17069 |    685 |   3900 |  10932 |   5 | 3550.8 |
        Depths |  12881 |  12319 |    562 |   3236 |   7063 |   4 | 3220.2 |
           Zot |   9538 |   9239 |    299 |   3235 |   4382 |   5 | 1907.6 |
         Trove |     46 |     46 |      0 |      0 |      5 |   1 |   46.0 |
               +--------+--------+--------+--------+--------+-----+--------+

Top non-repeatable levels by time:
  Lair:5: 5208 daAuts
   Orc:2: 4928 daAuts
Vaults:4: 4832 daAuts
   Elf:1: 4583 daAuts
Depths:3: 4264 daAuts
Vaults:2: 3708 daAuts
Vaults:1: 3673 daAuts
Depths:4: 3611 daAuts
Vaults:5: 3294 daAuts
    D:15: 3032 daAuts
Shoals:4: 3008 daAuts
Depths:2: 2974 daAuts
  Lair:3: 2869 daAuts
   Elf:3: 2860 daAuts
    D:11: 2824 daAuts
